2949 views
Uploaded 2020-02-26 20:09:22
Game version 1.32.2
12:45 long 4on4 ladder game on (8)Deadlock_LV
Saved by TALONSARIMBA
2949 views
Uploaded 2020-02-26 20:09:22
Game version 1.32.2
12:45 long 4on4 ladder game on (8)Deadlock_LV


93 units @ 12.9k
/ 1.2k
52 buildings @ 8.9k
/ 3.5k


| Wisp | 7 | 420 | / | 0 |
| Archer | 15 | 1950 | / | 150 |
| Druid of the Talon | 7 | 1015 | / | 140 |
| Hippogryph | 4 | 640 | / | 80 |
| total: | 33 | 4025g | / | 370w |
| Altar of Elders | 1 | 180 | / | 50 |
| Moon Well | 5 | 900 | / | 200 |
| Ancient of War | 2 | 300 | / | 120 |
| Hunter's Hall | 1 | 210 | / | 100 |
| Ancient of Wind | 1 | 150 | / | 140 |
| Tree of Ages | 1 | 320 | / | 180 |
| Tree of Eternity | 1 | 330 | / | 200 |
| total: | 10 | 1740g | / | 610w |
| 0:01 | Wisp |
| 0:02 | Wisp |
| 0:09 | Altar of Elders |
| 0:17 | Moon Well |
| 0:18 | Wisp |
| 0:30 | Ancient of War |
| 0:32 | Wisp |
| 0:49 | Wisp |
| 1:00 | Wisp |
| 1:14 | Wisp |
| 1:30 | Moon Well |
| 1:32 | Archer |
| 1:42 | Archer |
| 2:00 | Ancient of War |
| 2:08 | Searing Arrows |
| 2:30 | Archer |
| 2:32 | Archer |
| 2:43 | Moon Well |
| 3:05 | Archer |
| 3:37 | Archer |
| 4:00 | Tree of Ages |
| 4:18 | Trueshot Aura |
| 5:11 | Archer |
| 5:11 | Archer |
| 5:41 | Archer |
| 5:43 | Moon Well |
| 7:17 | Ancient of Wind |
| 7:18 | Improved Bows |
| 7:22 | Hunter's Hall |
| 7:24 | Moon Well |
| 7:51 | Archer |
| 7:51 | Archer |
| 8:06 | Archer |
| 8:06 | Archer |
| 9:01 | Druid of the Talon |
| 9:01 | Druid of the Talon |
| 9:04 | Hippogryph |
| 9:04 | Hippogryph |
| 9:06 | Druid of the Talon |
| 9:06 | Druid of the Talon |
| 9:19 | Trueshot Aura |
| 9:22 | Tree of Eternity |
| 9:45 | Healing Spray |
| 10:17 | Druid of the Talon |
| 10:17 | Druid of the Talon |
| 11:35 | Archer |
| 11:37 | Druid of the Talon |
| 12:02 | Marksmanship |
| 12:03 | Strength of the Moon |
| 12:16 | Acid Bomb |
| 12:33 | Archer |
| 12:35 | Hippogryph |
| 12:35 | Hippogryph |
| Right click | 580 |
| Select | 373 |
| Misc. action | 156 |
| Select group | 86 |
| Build/train/purchase | 76 |
| Assign group | 13 |
| Esc | 6 |
| Use ability | 5 |


| Healing Salve | 3 | 300 |
| Lesser Clarity Potion | 2 | 140 |
| total: | 5 | 440g |
| Peon | 7 | 525 | / | 0 |
| Grunt | 6 | 1200 | / | 0 |
| Raider | 4 | 720 | / | 160 |
| Spirit Walker | 2 | 390 | / | 70 |
| Razormane Medicine Man | 2 | 700 | / | 120 |
| total: | 21 | 3535g | / | 350w |
| Altar of Storms | 1 | 180 | / | 50 |
| Orc Burrow | 6 | 960 | / | 240 |
| Barracks | 1 | 180 | / | 50 |
| Voodoo Lounge | 1 | 130 | / | 30 |
| War Mill | 1 | 205 | / | 0 |
| Great Hall | 1 | 385 | / | 185 |
| Beastiary | 2 | 290 | / | 280 |
| Tauren Totem | 1 | 135 | / | 155 |
| Stronghold | 2 | 630 | / | 380 |
| Fortress | 2 | 650 | / | 380 |
| total: | 14 | 2465g | / | 990w |
| 0:03 | Peon |
| 0:03 | Peon |
| 0:03 | Peon |
| 0:06 | Altar of Storms |
| 0:19 | Orc Burrow |
| 0:25 | Peon |
| 0:43 | Barracks |
| 0:52 | Peon |
| 1:30 | Peon |
| 1:35 | Orc Burrow |
| 1:44 | Grunt |
| 1:58 | Voodoo Lounge |
| 2:18 | Wind Walk |
| 2:21 | Peon |
| 3:06 | Grunt |
| 3:07 | Stronghold |
| 3:23 | Grunt |
| 3:37 | Healing Salve |
| 3:37 | Lesser Clarity Potion |
| 3:46 | Grunt |
| 4:02 | Orc Burrow |
| 5:20 | Grunt |
| 6:08 | Beastiary |
| 6:10 | Beastiary |
| 6:45 | Grunt |
| 6:46 | Berserker Strength |
| 7:13 | Raider |
| 7:18 | Tauren Totem |
| 7:20 | Healing Salve |
| 7:20 | Healing Salve |
| 7:20 | Lesser Clarity Potion |
| 7:23 | Hex |
| 7:54 | Ensnare |
| 8:11 | Orc Burrow |
| 8:15 | Pillage |
| 8:37 | Spirit Walker |
| 8:58 | War Mill |
| 9:07 | Critical Strike |
| 9:09 | Razormane Medicine Man |
| 9:09 | Razormane Medicine Man |
| 9:33 | Spirit Walker |
| 9:34 | Raider |
| 10:12 | Fortress |
| 10:30 | Steel Armor |
| 10:30 | Reinforced Defenses |
| 11:21 | Healing Wave |
| 11:36 | Raider |
| 11:36 | Raider |
| 11:38 | Critical Strike |
| 11:43 | Spirit Walker Adept Training |
| 11:49 | Great Hall |
| 12:33 | Orc Burrow |
| 12:34 | Orc Burrow |
| Right click | 1138 |
| Select group | 538 |
| Select | 272 |
| Misc. action | 133 |
| Build/train/purchase | 78 |
| Assign group | 48 |
| Use ability | 27 |
| Item give/drop | 3 |
| Esc | 2 |
| Minimap ping | 2 |

| Potion of Healing | 2 | 300 |
| Scroll of Town Portal | 1 | 350 |
| total: | 3 | 650g |
| Wisp | 16 | 960 | / | 0 |
| Huntress | 8 | 1560 | / | 160 |
| Chimaera | 1 | 330 | / | 70 |
| total: | 25 | 2850g | / | 230w |
| Ancient Protector | 3 | 405 | / | 240 |
| Altar of Elders | 1 | 180 | / | 50 |
| Moon Well | 5 | 900 | / | 200 |
| Hunter's Hall | 1 | 210 | / | 100 |
| Ancient of War | 1 | 150 | / | 60 |
| Ancient of Wonders | 1 | 90 | / | 30 |
| Tree of Life | 1 | 340 | / | 185 |
| Chimaera Roost | 2 | 280 | / | 380 |
| Tree of Ages | 1 | 320 | / | 180 |
| Tree of Eternity | 1 | 330 | / | 200 |
| total: | 15 | 2555g | / | 1245w |
| 0:02 | Wisp |
| 0:03 | Wisp |
| 0:03 | Wisp |
| 0:18 | Altar of Elders |
| 0:32 | Moon Well |
| 0:36 | Wisp |
| 1:01 | Wisp |
| 1:03 | Wisp |
| 1:17 | Hunter's Hall |
| 1:30 | Wisp |
| 1:35 | Ancient of War |
| 1:41 | Wisp |
| 1:51 | Moon Well |
| 1:58 | Wisp |
| 2:21 | Force of Nature |
| 2:30 | Moon Well |
| 2:32 | Wisp |
| 2:48 | Huntress |
| 2:58 | Huntress |
| 3:31 | Wisp |
| 3:32 | Huntress |
| 4:15 | Huntress |
| 4:17 | Tree of Ages |
| 4:45 | Huntress |
| 4:57 | Ancient of Wonders |
| 5:03 | Moon Well |
| 5:48 | Huntress |
| 6:09 | Entangling Roots |
| 6:36 | Huntress |
| 6:36 | Huntress |
| 6:37 | Moon Armor |
| 7:11 | Tree of Eternity |
| 8:05 | Ancient Protector |
| 8:08 | Ancient Protector |
| 8:13 | Ancient Protector |
| 8:27 | Scroll of Town Portal |
| 9:04 | Thorns Aura |
| 9:20 | Tree of Life |
| 9:26 | Moon Well |
| 9:30 | Potion of Healing |
| 9:42 | Chimaera Roost |
| 9:56 | Potion of Healing |
| 12:08 | Chimaera |
| 12:13 | Chimaera Roost |
| 12:15 | Wisp |
| 12:15 | Wisp |
| 12:16 | Wisp |
| 12:16 | Wisp |
| 12:37 | Well Spring |
| 12:41 | Wisp |
| Right click | 401 |
| Select group | 163 |
| Select | 140 |
| Build/train/purchase | 39 |
| Chat | 35 |
| Minimap ping | 24 |
| Use ability | 19 |
| Assign group | 11 |


| Healing Salve | 2 | 200 |
| Lesser Clarity Potion | 4 | 280 |
| Scroll of Speed | 3 | 150 |
| total: | 9 | 630g |
| Peon | 7 | 525 | / | 0 |
| Wind Rider | 6 | 1590 | / | 240 |
| Razormane Medicine Man | 1 | 350 | / | 60 |
| total: | 14 | 2465g | / | 300w |
| Altar of Storms | 2 | 360 | / | 100 |
| Orc Burrow | 6 | 960 | / | 240 |
| Voodoo Lounge | 1 | 130 | / | 30 |
| Barracks | 1 | 180 | / | 50 |
| War Mill | 1 | 205 | / | 0 |
| Beastiary | 2 | 290 | / | 280 |
| Stronghold | 1 | 315 | / | 190 |
| Fortress | 1 | 325 | / | 190 |
| total: | 13 | 2125g | / | 700w |
| 0:03 | Peon |
| 0:03 | Peon |
| 0:12 | Altar of Storms |
| 0:13 | Altar of Storms |
| 0:17 | Orc Burrow |
| 0:27 | Peon |
| 0:44 | Voodoo Lounge |
| 0:52 | Peon |
| 0:56 | Peon |
| 1:29 | Peon |
| 1:30 | Peon |
| 1:51 | Orc Burrow |
| 1:59 | Backpack |
| 2:08 | Barracks |
| 2:14 | Wind Walk |
| 2:16 | Healing Salve |
| 2:16 | Lesser Clarity Potion |
| 2:18 | Scroll of Speed |
| 2:18 | Lesser Clarity Potion |
| 2:21 | Healing Salve |
| 3:27 | Stronghold |
| 3:35 | War Mill |
| 5:18 | Orc Burrow |
| 5:25 | Steel Ranged Weapons |
| 5:26 | Steel Armor |
| 5:54 | Beastiary |
| 6:00 | Beastiary |
| 6:15 | Lesser Clarity Potion |
| 6:15 | Scroll of Speed |
| 7:42 | Wind Rider |
| 7:42 | Wind Rider |
| 8:03 | Healing Wave |
| 8:29 | Wind Rider |
| 8:32 | Orc Burrow |
| 9:04 | Fortress |
| 9:53 | Orc Burrow |
| 10:37 | Critical Strike |
| 10:39 | Wind Rider |
| 10:43 | Orc Burrow |
| 10:46 | Wind Rider |
| 11:07 | Thorium Ranged Weapons |
| 11:18 | Thorium Armor |
| 11:27 | Scroll of Speed |
| 11:45 | Lesser Clarity Potion |
| 11:49 | Envenomed Spears |
| 11:50 | Wind Rider |
| 12:15 | Hex |
| 12:36 | Razormane Medicine Man |
| Right click | 653 |
| Select group | 421 |
| Select | 205 |
| Build/train/purchase | 56 |
| Assign group | 12 |
| Use ability | 11 |
| Item give/drop | 2 |
| Remove unit | 2 |
| Esc | 1 |
| Minimap ping | 1 |
79 units @ 10.6k
/ 1k
58 buildings @ 7.3k
/ 2.7k


| Healing Salve | 1 | 100 |
| Lesser Clarity Potion | 1 | 70 |
| total: | 2 | 170g |
| Peon | 8 | 600 | / | 0 |
| Grunt | 5 | 1000 | / | 0 |
| Wind Rider | 3 | 795 | / | 120 |
| Troll Batrider | 2 | 320 | / | 80 |
| total: | 18 | 2715g | / | 200w |
| Altar of Storms | 1 | 180 | / | 50 |
| Orc Burrow | 6 | 960 | / | 240 |
| Barracks | 1 | 180 | / | 50 |
| Voodoo Lounge | 1 | 130 | / | 30 |
| War Mill | 1 | 205 | / | 0 |
| Beastiary | 3 | 435 | / | 420 |
| Stronghold | 1 | 315 | / | 190 |
| Fortress | 1 | 325 | / | 190 |
| total: | 13 | 2090g | / | 790w |
| 0:04 | Peon |
| 0:04 | Peon |
| 0:04 | Peon |
| 0:09 | Altar of Storms |
| 0:20 | Orc Burrow |
| 0:29 | Peon |
| 0:51 | Barracks |
| 0:55 | Peon |
| 1:17 | Peon |
| 1:30 | Peon |
| 1:33 | Orc Burrow |
| 1:52 | Voodoo Lounge |
| 1:55 | Grunt |
| 2:13 | Critical Strike |
| 2:16 | Grunt |
| 2:35 | Peon |
| 2:59 | Stronghold |
| 3:22 | Grunt |
| 3:36 | War Mill |
| 4:31 | Healing Salve |
| 4:32 | Lesser Clarity Potion |
| 5:03 | Wind Walk |
| 5:25 | Berserker Strength |
| 5:29 | Orc Burrow |
| 5:33 | Orc Burrow |
| 5:34 | Steel Armor |
| 6:56 | Grunt |
| 6:57 | Grunt |
| 7:02 | Beastiary |
| 7:06 | Beastiary |
| 7:11 | Beastiary |
| 7:34 | Critical Strike |
| 7:59 | Endurance Aura |
| 8:04 | Steel Ranged Weapons |
| 8:39 | Wind Rider |
| 8:40 | Fortress |
| 8:42 | Troll Batrider |
| 9:05 | Troll Batrider |
| 9:38 | Thorium Ranged Weapons |
| 10:20 | Orc Burrow |
| 10:22 | Orc Burrow |
| 11:20 | Envenomed Spears |
| 11:20 | Wind Rider |
| 11:52 | Wind Rider |
| Right click | 528 |
| Chat | 216 |
| Select | 194 |
| Misc. action | 51 |
| Build/train/purchase | 47 |
| Select group | 46 |
| Assign group | 21 |
| Use ability | 5 |


| Rod of Necromancy | 1 | 150 |
| Lesser Clarity Potion | 1 | 70 |
| Potion of Mana | 1 | 200 |
| Scroll of Town Portal | 3 | 1050 |
| Dust of Appearance | 1 | 75 |
| Healing Salve | 2 | 200 |
| total: | 9 | 1745g |
| Acolyte | 5 | 375 | / | 0 |
| Ghoul | 2 | 240 | / | 0 |
| Crypt Fiend | 5 | 1075 | / | 200 |
| total: | 12 | 1690g | / | 200w |
| Nerubian Tower | 1 | 100 | / | 20 |
| Crypt | 1 | 200 | / | 50 |
| Graveyard | 1 | 215 | / | 0 |
| Altar of Darkness | 1 | 180 | / | 50 |
| Ziggurat | 4 | 600 | / | 200 |
| Tomb of Relics | 1 | 130 | / | 30 |
| Necropolis | 1 | 225 | / | 0 |
| Sacrificial Pit | 1 | 75 | / | 150 |
| Halls of the Dead | 1 | 320 | / | 210 |
| Black Citadel | 2 | 650 | / | 460 |
| total: | 10 | 1625g | / | 480w |
| 0:04 | Acolyte |
| 0:08 | Crypt |
| 0:12 | Graveyard |
| 0:19 | Acolyte |
| 0:42 | Altar of Darkness |
| 0:58 | Ziggurat |
| 1:11 | Ghoul |
| 1:27 | Tomb of Relics |
| 1:49 | Crypt Fiend |
| 2:06 | Ziggurat |
| 2:23 | Crypt Fiend |
| 2:48 | Rod of Necromancy |
| 2:53 | Death Coil |
| 2:58 | Ghoul |
| 3:12 | Crypt Fiend |
| 3:57 | Crypt Fiend |
| 4:05 | Halls of the Dead |
| 5:20 | Unholy Aura |
| 5:36 | Ziggurat |
| 5:54 | Healing Salve |
| 5:54 | Lesser Clarity Potion |
| 5:57 | Healing Salve |
| 5:58 | Scroll of Town Portal |
| 6:13 | Ziggurat |
| 6:31 | Burrow |
| 7:13 | Nerubian Tower |
| 7:17 | Web |
| 7:26 | Acolyte |
| 7:28 | Frost Nova |
| 7:56 | Dust of Appearance |
| 8:15 | Scroll of Town Portal |
| 8:20 | Black Citadel |
| 8:30 | Acolyte |
| 8:52 | Black Citadel |
| 9:35 | Necropolis |
| 9:58 | Sacrificial Pit |
| 10:22 | Death Coil |
| 11:00 | Crypt Fiend |
| 11:36 | Scroll of Town Portal |
| 11:38 | Potion of Mana |
| 12:12 | Acolyte |
| 12:22 | Frost Armor |
| Right click | 916 |
| Select group | 409 |
| Select | 334 |
| Chat | 194 |
| Misc. action | 93 |
| Build/train/purchase | 47 |
| Use ability | 20 |
| Assign group | 13 |
| Esc | 4 |
| Item give/drop | 2 |
| Minimap ping | 2 |


| Scroll of Regeneration | 1 | 100 |
| total: | 1 | 100g |
| Peasant | 13 | 975 | / | 0 |
| Rifleman | 9 | 1845 | / | 270 |
| Mortar Team | 1 | 180 | / | 70 |
| Priest | 2 | 270 | / | 20 |
| total: | 25 | 3270g | / | 360w |
| Scout Tower | 4 | 120 | / | 80 |
| Arcane Tower | 1 | 70 | / | 50 |
| Guard Tower | 3 | 210 | / | 150 |
| Farm | 10 | 800 | / | 200 |
| Altar of Kings | 1 | 180 | / | 50 |
| Blacksmith | 1 | 140 | / | 60 |
| Barracks | 1 | 160 | / | 60 |
| Lumber Mill | 1 | 120 | / | 0 |
| Town Hall | 1 | 385 | / | 205 |
| Workshop | 2 | 280 | / | 280 |
| Arcane Sanctum | 1 | 150 | / | 140 |
| Keep | 1 | 320 | / | 210 |
| total: | 22 | 2335g | / | 1075w |
| 0:03 | Peasant |
| 0:03 | Peasant |
| 0:03 | Peasant |
| 0:07 | Farm |
| 0:10 | Farm |
| 0:20 | Altar of Kings |
| 0:23 | Peasant |
| 0:34 | Peasant |
| 0:50 | Peasant |
| 0:56 | Blacksmith |
| 1:03 | Peasant |
| 1:22 | Scout Tower |
| 1:32 | Peasant |
| 1:50 | Barracks |
| 1:55 | Farm |
| 2:02 | Farm |
| 2:11 | Lumber Mill |
| 2:15 | Peasant |
| 2:19 | Arcane Tower |
| 2:27 | Summon Water Elemental |
| 3:13 | Peasant |
| 3:13 | Peasant |
| 3:23 | Farm |
| 3:37 | Keep |
| 3:46 | Scout Tower |
| 3:49 | Scout Tower |
| 3:58 | Rifleman |
| 3:58 | Rifleman |
| 4:10 | Scout Tower |
| 4:13 | Farm |
| 4:14 | Black Gunpowder |
| 4:16 | Guard Tower |
| 4:32 | Guard Tower |
| 5:23 | Rifleman |
| 5:28 | Guard Tower |
| 6:33 | Scroll of Regeneration |
| 7:06 | Rifleman |
| 7:06 | Rifleman |
| 7:12 | Workshop |
| 7:17 | Arcane Sanctum |
| 7:22 | Workshop |
| 7:28 | Studded Leather Armor |
| 7:29 | Rifleman |
| 8:07 | Holy Light |
| 8:09 | Brilliance Aura |
| 8:59 | Rifleman |
| 9:01 | Mortar Team |
| 9:09 | Farm |
| 9:11 | Farm |
| 9:12 | Farm |
| 9:16 | Farm |
| 9:20 | Refined Gunpowder |
| 9:20 | Reinforced Leather Armor |
| 9:33 | Priest Adept Training |
| 9:53 | Priest |
| 9:53 | Priest |
| 10:21 | Rifleman |
| 10:22 | Long Rifles |
| 11:15 | Town Hall |
| 11:21 | Rifleman |
| 11:37 | Improved Masonry |
| 11:38 | Improved Lumber Harvesting |
| 12:24 | Peasant |
| 12:27 | Peasant |
| Right click | 379 |
| Select | 134 |
| Build/train/purchase | 51 |
| Select group | 23 |
| Assign group | 7 |
| Use ability | 4 |
| Minimap ping | 2 |
| Remove unit | 1 |

| Scroll of Regeneration | 1 | 100 |
| Potion of Healing | 2 | 300 |
| Scroll of Town Portal | 1 | 350 |
| total: | 4 | 750g |
| Peasant | 15 | 1125 | / | 0 |
| Rifleman | 9 | 1845 | / | 270 |
| total: | 24 | 2970g | / | 270w |
| Scout Tower | 2 | 60 | / | 40 |
| Arcane Tower | 2 | 140 | / | 100 |
| Guard Tower | 2 | 140 | / | 100 |
| Blacksmith | 1 | 140 | / | 60 |
| Altar of Kings | 1 | 180 | / | 50 |
| Barracks | 1 | 160 | / | 60 |
| Farm | 6 | 480 | / | 120 |
| Arcane Vault | 1 | 130 | / | 30 |
| Lumber Mill | 1 | 120 | / | 0 |
| Keep | 1 | 320 | / | 210 |
| total: | 13 | 1270g | / | 360w |
| 0:03 | Peasant |
| 0:03 | Peasant |
| 0:19 | Peasant |
| 0:28 | Blacksmith |
| 0:31 | Altar of Kings |
| 0:36 | Barracks |
| 0:45 | Peasant |
| 0:58 | Farm |
| 1:07 | Peasant |
| 1:21 | Peasant |
| 1:39 | Peasant |
| 1:51 | Farm |
| 1:52 | Peasant |
| 2:07 | Arcane Vault |
| 2:31 | Farm |
| 2:32 | Rifleman |
| 3:00 | Blizzard |
| 3:34 | Peasant |
| 3:34 | Peasant |
| 3:47 | Rifleman |
| 3:52 | Scroll of Regeneration |
| 4:41 | Peasant |
| 5:11 | Peasant |
| 5:43 | Peasant |
| 5:45 | Scout Tower |
| 6:19 | Rifleman |
| 6:20 | Peasant |
| 6:20 | Peasant |
| 6:43 | Arcane Tower |
| 7:04 | Rifleman |
| 7:07 | Farm |
| 7:32 | Brilliance Aura |
| 8:09 | Rifleman |
| 8:09 | Keep |
| 8:24 | Rifleman |
| 8:39 | Farm |
| 8:52 | Rifleman |
| 8:57 | Lumber Mill |
| 9:21 | Scout Tower |
| 9:41 | Rifleman |
| 10:07 | Guard Tower |
| 10:26 | Farm |
| 10:30 | Scroll of Town Portal |
| 11:36 | Rifleman |
| 11:57 | Potion of Healing |
| 11:58 | Potion of Healing |
| Right click | 760 |
| Select | 210 |
| Build/train/purchase | 55 |
| Select group | 32 |
| Chat | 20 |
| Assign group | 13 |
| Use ability | 12 |
| Misc. action | 9 |
| Remove unit | 2 |
| Minimap ping | 1 |
⇛